Map: Dusk Towers

Players

Slacker

  • Race: Terran Terran
  • League: Platinum

xXxOGWanxXx - Winner!

  • Race: Protoss Protoss
  • League: Gold

VOD

Have the link to the VOD?

Description

Time

  • Played on: March 19, 2016, 8:37 p.m.
  • Length: 10:47
Show
View Real Time Build Order
Export as new Build Order

Slacker Terran 

Build Orders: Command Center First (CC), MMM Bio 

Get SALT Encoding   

  12  0:00  SCV  
  13  0:13  SCV  
  14  0:19  Supply Depot  
  14  0:25  SCV  
  15  0:41  SCV  
  16  0:53  SCV  
  17  1:02  Command Center  
  17  1:08  SCV  
  18  1:31  SCV  
  19  1:35  Barracks  
  19  1:38  Barracks  
  19  1:44  SCV  
  20  1:56  SCV  
  20  1:58  Refinery  
  20  2:00  Refinery  
  21  2:07  Barracks  
  21  2:27  Orbital Command  
  21  2:28  Orbital Command  
  21  2:41  Marine  
  22  2:44  Bunker  
  22  2:45  Barracks Tech Lab  
  22  2:54  SCV x2  
  24  3:00  Marine  
  25  3:07  Marine  
  25  3:08  Stimpack  
  26  3:17  Marauder  
  26  3:19  Marine  
  29  3:21  SCV  
  29  3:22  SCV  
  29  3:24  Marine  
  32  3:31  Supply Depot  
  32  3:33  SCV  
  33  3:41  SCV  
  34  3:42  Marine x3  
  34  3:45  SCV  
  38  3:53  SCV  
  39  3:57  SCV  
  39  4:00  Marine  
  40  4:05  SCV  
  40  4:09  Marine  
  42  4:10  Marauder  
  44  4:20  Command Center  
  45  4:24  SCV x2  
  46  4:32  Barracks Reactor  
  46  4:33  Factory  
  46  4:55  Supply Depot, Bunker  
  46  5:03  Engineering Bay  
  46  5:10  Barracks Tech Lab  
  46  5:17  Marauder, SCV x2  
  46  5:18  Supply Depot x2  
  46  5:19  Marine x2  
  52  5:25  Factory Reactor  
  52  5:29  SCV x2  
  52  5:30  Starport  
  52  5:32  Marauder  
  52  5:34  Orbital Command  
  56  5:37  Marine x2  
  56  5:39  Marauder  
  56  5:41  SCV x2  
  56  5:42  Refinery  
  62  5:45  Refinery  
  62  5:52  Terran Infantry Weapons Level 1  
  62  5:53  SCV  
  62  5:54  Marauder  
  62  5:55  Supply Depot, Marine x2  
  67  6:00  Marauder  
  67  6:01  SCV  
  67  6:04  SCV  
  71  6:06  SCV  
  72  6:13  Marine, SCV  
  74  6:19  Medivac  
  74  6:20  Medivac  
  74  6:21  Marauder x2  
  74  6:23  Marine  
  74  6:25  SCV  
  84  6:26  SCV  
  84  6:28  Combat Shields  
  84  6:30  Marine  
  84  6:32  Supply Depot  
  86  6:33  SCV  
  86  6:37  SCV  
  86  6:38  SCV  
  89  6:41  Marine  
  89  6:42  Marauder  
  89  6:45  SCV  
  93  6:53  Missile Turret, Marine, Marauder  
  96  6:55  SCV x2  
  96  6:57  SCV  
  96  6:59  Marine  
  100  7:07  SCV  
  100  7:08  Supply Depot  
  101  7:09  Marauder, Medivac x2, SCV  
  101  7:11  Marine  
  101  7:13  Supply Depot  
  101  7:14  Marine  
  110  7:16  Marine  
  110  7:17  SCV  
  110  7:21  SCV x2  
  114  7:23  Missile Turret  
  114  7:29  Marine, SCV  
  116  7:31  Marauder  
  116  7:32  Supply Depot, Marine  
  116  7:34  Marine  
  120  7:39  Medivac  
  122  7:46  Terran Infantry Armor Level 1, Marine  
  123  7:55  Marine  
  123  7:56  Marine x2  
  126  7:59  Medivac, SCV  
  126  8:00  SCV x2  
  126  8:04  Marine  
  132  8:07  Armory  
  132  8:08  Supply Depot  
  132  8:09  Medivac  
  132  8:12  SCV x3  
  137  8:13  Marine  
  137  8:14  Marauder x2  
  142  8:22  Marine  
  143  8:31  Marine  
  144  8:35  Marauder, Marine  
  144  8:53  Marauder  
  141  8:57  Marauder  
  131  9:12  Marine  
  131  9:13  Marine  
  131  9:14  Marine, Medivac x2  
  138  9:18  Marauder  
  138  9:21  Supply Depot, Engineering Bay  
  140  9:30  Marine x2  
  140  9:32  Marauder  
  133  9:39  Marauder  
  89  9:54  Marauder  
  89  9:56  Marine x2  
  89  9:58  Medivac x2  
  97  10:00  Marine  
  97  10:05  Bunker  
  96  10:09  Factory Reactor  
  96  10:15  Marauder  
  96  10:19  Marauder  
  96  10:20  Barracks  
  97  10:22  Marine x2  
  97  10:26  Barracks  
Show
View Real Time Build Order
Export as new Build Order

xXxOGWanxXx Protoss - Winner!

Build Orders: 1 Gate Expand, Blink Stalkers 

Get SALT Encoding   

  12  0:01  Probe (Chrono Boost)  
  13  0:11  Probe (Chrono Boost)  
  14  0:18  Pylon  
  14  0:22  Probe (Chrono Boost)  
  15  0:36  Probe (Chrono Boost)  
  16  0:47  Probe (Chrono Boost)  
  17  0:50  Gateway  
  17  1:00  Probe (Chrono Boost)  
  18  1:15  Probe (Chrono Boost)  
  19  1:21  Nexus  
  18  1:34  Assimilator  
  18  1:41  Assimilator, Cybernetics Core  
  18  1:44  Probe (Chrono Boost)  
  19  1:54  Probe (Chrono Boost)  
  20  2:05  Probe (Chrono Boost)  
  21  2:12  Pylon  
  21  2:17  Warp Gate (Chrono Boost)  
  21  2:19  Probe (Chrono Boost)  
  22  2:30  Probe (Chrono Boost)  
  22  2:33  Gateway  
  22  2:35  Gateway  
  23  2:37  Probe (Chrono Boost)  
  24  2:51  Probe (Chrono Boost)  
  24  2:52  Probe (Chrono Boost)  
  24  2:57  Adept  
  28  3:03  Twilight Council  
  28  3:04  Probe x2  
  30  3:16  Probe  
  31  3:25  Adept  
  33  3:27  Probe  
  33  3:28  Probe, Stalker  
  37  3:41  Mothership Core, Blink  
  39  3:43  Probe  
  40  3:53  Probe  
  41  4:02  Probe  
  42  4:03  Assimilator  
  42  4:04  Probe  
  42  4:08  Assimilator  
  43  4:14  Probe  
  43  4:16  Pylon  
  44  4:18  Pylon  
  44  4:19  Probe, Robotics Facility  
  45  4:26  Probe  
  46  4:33  Probe  
  47  4:43  Probe x2  
  47  4:44  Templar Archives  
  47  4:45  Stalker  
  51  4:46  Adept  
  51  4:48  Adept  
  55  4:55  Probe x2 (Chrono Boost)  
  57  5:08  Immortal  
  57  5:12  Probe (Chrono Boost)  
  62  5:16  Gateway  
  62  5:19  Pylon x2  
  62  5:42  Sentry  
  64  5:44  Sentry, Stalker  
  64  5:45  Nexus  
  68  5:54  Forge  
  68  5:56  Pylon  
  68  6:03  Gateway  
  68  6:06  Psionic Storm, Gateway  
  68  6:08  Pylon  
  68  6:20  Pylon  
  68  6:22  Stalker x2  
  72  6:29  Sentry  
  72  6:31  Stalker  
  76  6:35  Protoss Ground Weapons Level 1  
  76  6:37  Probe x2 (Chrono Boost)  
  78  6:47  Probe (Chrono Boost)  
  78  6:50  Probe (Chrono Boost)  
  78  6:51  Pylon  
  80  6:56  Robotics Facility  
  80  6:58  Probe (Chrono Boost)  
  81  7:06  Robotics Bay  
  81  7:07  Probe (Chrono Boost)  
  81  7:08  Probe x2 (Chrono Boost), Robotics Facility  
  84  7:28  Assimilator, Probe (Chrono Boost)  
  84  7:29  Probe x2 (Chrono Boost)  
  87  7:33  Stalker  
  87  7:34  Assimilator, Stalker  
  87  7:36  Zealot  
  93  7:39  Probe (Chrono Boost), High Templar  
  93  7:40  High Templar x2  
  100  8:01  Probe x2 (Chrono Boost)  
  102  8:08  Stalker  
  102  8:09  High Templar x2  
  108  8:17  High Templar  
  108  8:19  Zealot  
  112  8:20  Zealot  
  112  8:21  Probe (Chrono Boost)  
  112  8:22  Probe x2 (Chrono Boost)  
  80  9:02  Probe x2 (Chrono Boost)  
  72  9:13  Probe x2 (Chrono Boost), Stalker  
  72  9:14  Stalker x3  
  72  9:15  Zealot  
  72  9:16  Zealot  
  86  9:19  Immortal x2  
  86  9:23  Probe x2 (Chrono Boost)  
  96  9:24  Nexus  
  96  9:34  Probe (Chrono Boost)  
  83  9:51  Stalker x4  
  83  9:52  Zealot  
Tags
 
Add a new tag
Caveats
  • Supply blocks, unpowered buildings, or Contaminate may cause inaccurate times.
  • Supply counts are checked every 10 seconds.